cohdb
Replays
Latest Replays
All Replays
Popular Replays
Top Player Replays
Match Explorer
How It Works
Community
CoH3 Stats
Reddit
Sign in to upload your games and track your stats! →
Sign in with Steam
Match 46575855
Unlisted
Match 46575855
Overview
Messages
Build Orders
End
Kradschützen Motorcycle Team
Panzergrenadier Squad
Panzerpioneer Squad
250 Light Carrier
Construct Light Support Kompanie
MG34 Team
Construct Mechanized Kompanie
Support Armor Elements
Selects Panzerjäger Kommand Battlegroup
Selects Tank Busters
Selects Mine Fields
Panzerjäger Mechanized Group
Vehicle Survival Package
StuG III D Assault Gun
StuG III D Assault Gun
Emergency Repair Kits
Selects Crew Shock Tactics
Rapid Advance
Marder III Tank Destroyer
Marder III Tank Destroyer
Assault Mechanized Group
Marder III Tank Destroyer
Combat Half-tracks
Selects Anti-tank Overwatch
Anti-tank Overwatch
Construct Panzerarmee Kommand
Armored Reserves
Panzer IV Assault Group
MG34 Team
Veteran Squad Leaders
Selects Defensive Positions
Selects Butterfly Bomb Drop
Advanced Optics
Tungsten Core Ammunition
StuG Assault Group
Advanced Field Repairs
Tiger Heavy Tank
sw
Auxiliary Priest
Esxile
AUS Potato
0
0
Comments
sign in to comment!
No comments posted yet!